 Dungeon Crawl Stone Soup version 0.22-a0-833-g8522bf8 (webtiles) character file.

31 inc the Conjurer (level 3, 14/14 HPs)
             Began as a Felid Conjurer on July 24, 2018.
             Quit the game on level 4 of the Dungeon on July 25, 2018.
             The game lasted 00:04:21 (2783 turns).

inc the Conjurer (Felid Conjurer)                   Turns: 2783, Time: 00:04:22

Health: 14/14      AC:  1    Str:  4    XL:     3   Next: 7%
Magic:  7/7        EV: 18    Int: 17    God:
Gold:   139        SH:  0    Dex: 16    Spells: 0/6 levels left
                                        Lives:  0   Deaths: 1

rFire    + . .     SeeInvis +   (weapon unavailable)
rCold    . . .     Gourm    .   (shield unavailable)
rNeg     . . .     Faith    .   (armour unavailable)
rPois    .         Spirit   .   (helmet unavailable)
rElec    .         Reflect  .   (cloak unavailable)
rCorr    .         Harm     .   (gloves unavailable)
MR       .....                  (boots unavailable)
Stlth    +++.......             (no amulet)
HPRegen  0.04/turn              (no ring)
MPRegen  0.10/turn              (no ring)

@: quick
A: very small, no armour, no weapons or thrown items, stealth, claws 1, fangs 3,
see invisible, carnivore, fire resistance 1, speed 1, sense surroundings 1,
shaggy fur 1, slow metabolism 1, sharp paws
a: no special abilities


You were on level 4 of the Dungeon.
You were not hungry.

You visited 1 branch of the dungeon, and saw 4 of its levels.

You collected 139 gold pieces.

Inventory:

Scrolls
 a - 3 scrolls of remove curse {unknown}
 e - 6 scrolls of identify {unknown}
Potions
 c - a potion of agility
 g - a potion of brilliance
Comestibles
 b - 4 rations


   Skills:
 - Level 2.6 Dodging
 - Level 2.6 Stealth
 - Level 2.0 Spellcasting
 - Level 4.5 Conjurations
 + Level 3.4 Hexes


You couldn't memorise any spells.
You knew the following spells:

 Your Spells              Type           Power        Failure   Level  Hunger
a - Magic Dart            Conj           ###.         3%          1    #......
b - Searing Ray           Conj           ###...       4%          2    ###....
c - Dazzling Spray        Conj/Hex       ###...       12%         3    ###....

Your spell library contained the following spells:

 Spells                   Type           Power        Failure   Level  Hunger
 Iskenderun's Mystic Bla  Conj           ###.....     28%         4    #####..
 Fulminant Prism          Conj/Hex       ###.......   36%         4    #####..
 Force Lance              Conj/Tloc      #.......     58%         4    #####..


Dungeon Overview and Level Annotations

Branches:
Dungeon (4/15)
 Temple: D:4-7

Altars:
Kikubaaqudgha


Innate Abilities, Weirdness & Mutations

You cannot wear armour.
You are incapable of wielding weapons or throwing items.
Your paws allow you to move quietly. (Stealth)
You have sharp claws.
You have razor-sharp teeth.
You have supernaturally acute eyesight. (SInv)
You are carnivorous and can eat meat at any time.
You cover ground quickly.
You are covered in fur. (AC +1)
You have a slow metabolism.
Your sharp claws are effective at attacking unaware monsters.
Your flesh is heat resistant. (rF+)
You passively map a small area around you.


Message History

Extra life!
* * * LOW HITPOINT WARNING * * *
You feel sick.
* * * LOW HITPOINT WARNING * * *
You feel sick.
* * * LOW HITPOINT WARNING * * *
You feel sick.
You die...
You feel sick.
You are now level 3!
You rejoin the land of the living...
A quokka comes into view.
Are you sure you want to abandon this character and quit the game? (Confirm with "yes".)
Okay, then.
Welcome back, inc the Felid Conjurer.
Press ? for a list of commands and other information.
As you open the door, it creaks loudly!
A water moccasin comes into view.
There is an open door here.
Are you sure you want to abandon this character and quit the game? (Confirm with "yes".)

##.# * ...$### * *,
..r,... , , ....#.#
* $..>#.####
....r....# ,
..###.##.# *
#S'.##.###########
,###$##.....r..@..#
,..############.# *
*#.# *.# * #.# .# ,
#.# *.# #.# .# , #.
.# .# .. .# , ##*


You could see a quokka.

Vanquished Creatures
  A worker ant (D:4)
  4 dart slugs
  A leopard gecko (D:1)
  An orc (D:3)
  4 giant cockroaches
  3 goblins
  6 hobgoblins
  3 jackals (D:1)
  2 ball pythons
  3 bats (D:1)
  4 frilled lizards
  5 kobolds
  3 rats
40 creatures vanquished.

Notes
Turn   | Place    | Note
-------+----------+-------------------------------------------
     0 | D:1      | inc the Felid Conjurer began the quest for the Orb.
     0 | D:1      | Reached XP level 1. HP: 7/7 MP: 4/4
   118 | D:1      | Reached skill level 4 in Conjurations
   137 | D:1      | Reached XP level 2. HP: 5/11 MP: 0/6
   489 | D:1      | Learned a level 2 spell: Searing Ray
  1095 | D:1      | Reached XP level 3. HP: 6/14 MP: 2/7
  1100 | D:1      | Learned a level 3 spell: Dazzling Spray
  1613 | D:2      | Reached skill level 1 in Hexes
  1779 | D:2      | Found a faded altar of an unknown god.
  2063 | D:2      | You fall through a shaft!
  2574 | D:4      | Gained mutation: You passively map a small area around you. [potion of mutation]
  2574 | D:4      | Gained mutation: Your flesh is heat resistant. (rF+) [potion of mutation]
  2732 | D:4      | Noticed an ogre
  2754 | D:4      | Reached XP level 4. HP: 4/18 MP: 0/8
  2757 | D:4      | Succumbed to a worker ant's poison
  2758 | D:4      | Reached XP level 3. HP: 0/14 MP: 0/7
  2765 | D:4      | Upgraded the game from 0.22-a0-825-ga28c36f to 0.22-a0-833-g8522bf8
  2766 | D:4      | Found an ancient bone altar of Kikubaaqudgha.
  2767 | D:4      | Noticed a water moccasin
  2783 | D:4      | Quit the game

Vault maps used:
D:1:      tarquinn_simple_flora_water_c
D:2:      chequers_ecumenical_altar_simple_redux, first_ration
D:3:      gammafunk_temple_overflow_elements
D:4:      kennysheep_mini, makhleb_blood_cavern_becter, lemuel_crystal_altar

Skill      XL: |  1  2  3 |
---------------+----------+-----
Conjurations   | 4 |  4.5
Hexes          | 3 |  3.4
Dodging        | |  2.6
Stealth        | |  2.6
Spellcasting   | |  2.0

Action                   |  1- 3 |  4- 6 || total
-------------------------+-------+-------++-------
Melee: Unarmed           |    21 |       ||    21
       Bite              |     2 |       ||     2
 Cast: Magic Dart        |    99 |       ||    99
       Searing Ray       |     2 |       ||     2
       Dazzling Spray    |     2 |       ||     2
  Use: Potion            |     5 |       ||     5
       Scroll            |     1 |       ||     1
  Eat: Chunk             |     3 |       ||     3
Armor: Skin              |     4 |       ||     4
Dodge: Dodged            |    55 |       ||    55

Table legend:
 A = Spawn XP
 B = Non-spawn XP
 C = Spawn XP percentage of total XP
 D = Spawn monster count
 E = Non-spawn monster count
 F = Spawn count percentage of total count
 G = Total turns spent on level
                    A         B        C        D         E        F      G
               +---------+---------+-------+---------+---------+-------+---------
         Total |       0 |     105 |   0.0 |       0 |      40 |   0.0 |  2783
               +---------+---------+-------+---------+---------+-------+---------
           D:1 |       0 |      46 |   0.0 |       0 |      24 |   0.0 |  1404
           D:2 |       0 |      15 |   0.0 |       0 |       9 |   0.0 |   885
           D:3 |       0 |      11 |   0.0 |       0 |       6 |   0.0 |   201
           D:4 |       0 |      33 |   0.0 |       0 |       1 |   0.0 |   293
               +---------+---------+-------+---------+---------+-------+---------
